 Dungeon Crawl Stone Soup version 0.25.1-2-g60ff931 (webtiles) character file.

Game seed: 1624743571338388587

28 Doppledale the Sneak (level 3, -1/24 HPs)
             Began as an Octopode Assassin on Aug 31, 2020.
             Slain by a giant cockroach (2 damage)
             ... on level 4 of the Dungeon.
             The game lasted 00:03:38 (1143 turns).

Doppledale the Sneak (Octopode Assassin)            Turns: 1143, Time: 00:03:38

Health: -1/24      AC:  1    Str: 10    XL:     3   Next: 14%
Magic:  3/3        EV: 13    Int: 13    God:
Gold:   29         SH:  0    Dex: 14    Spells: 2/2 levels left

rFire    . . .     SeeInvis .   f - +2 dagger (venom)
rCold    . . .     Gourm    .   (no shield)
rNeg     . . .     Faith    .   (helmet restricted)
rPois    .         Spirit   .   (no amulet)
rElec    .         Reflect  .   (no ring)
rCorr    .         Harm     .   (no ring)
MR       .....                  (no ring)
Stlth    ++++......             (no ring)
HPRegen  0.08/turn              (no ring)
MPRegen  0.08/turn              (no ring)
                                (no ring)
                                (no ring)

@: no status effects
A: almost no armour, stealthy swim, amphibious, 8 rings, constrict 8, camouflage
1, gelatinous body 1
a: no special abilities


You were on level 4 of the Dungeon.
You were not hungry.

You visited 1 branch of the dungeon, and saw 3 of its levels.

You collected 29 gold pieces.

Inventory:

Hand Weapons
 a - a +2 dagger
 f - a +2 dagger of venom (weapon)
Missiles
 b - 8 poisoned darts (quivered)
 c - 2 curare-tipped darts
Scrolls
 h - a scroll of fog {unknown}
 i - 2 scrolls of identify {unknown}
 m - a scroll of fear {unknown}
Potions
 e - a potion of magic {unknown}
 g - 2 potions of flight {unknown}
 j - a potion of haste {unknown}
 k - a potion of invisibility {unknown}
 l - a potion of cancellation {unknown}
 n - a potion of curing {unknown}
Comestibles
 d - 3 rations
 o - 8 chunks of flesh


   Skills:
 + Level 2.2 Fighting
 + Level 2.2 Short Blades
 + Level 2.0 Throwing
 + Level 1.0 Dodging
 + Level 6.4 Stealth


You had 2 spell levels left.
You didn't know any spells.
Your spell library was empty.

Dungeon Overview and Level Annotations

Branches:
Dungeon (2/15)

Altars:

Annotations:
D:4 Dowan, Duvessa, Sigmund


Innate Abilities, Weirdness & Mutations

You cannot wear most types of armour.
You are very stealthy in the water. (Stealth+)
You are amphibious.
You can wear up to eight rings at the same time.
You can use your tentacles to constrict eight enemies at once.
Your skin changes colour to match your surroundings (Stealth+).
Your rubbery body absorbs attacks. (AC +1, EV +1)


Message History

Dowan is lightly wounded.
You constrict Dowan. The howler monkey hits you!
The giant cockroach bites you but does no damage.
Duvessa closely misses you. The howler monkey misses you.
You barely miss Dowan.
Dowan is lightly wounded.
You constrict Dowan. The giant cockroach misses you. Dowan barely misses you.
Duvessa closely misses you. The giant cockroach closely misses you.
The howler monkey hoots and howls with incredible vigour!
You hear an angry hiss.
You hear a shout! x8
You hit Dowan.
Dowan looks as sick as possible!
You squeeze Dowan!
Dowan is severely wounded.
You constrict Dowan. Dowan hits you with a +0 dagger.
Sigmund casts a spell.
Sigmund flickers and vanishes!
Deactivating autopickup; reactivate with Ctrl-A.
Duvessa hits you with a +1 short sword of speed!
* * * LOW HITPOINT WARNING * * *
The howler monkey closely misses you. The giant cockroach bites you.
You die...

##.....#
##......#
......[
#..{..# #
#.....###..
#..Z......
#.es#..#
#e@h.####.
####
#..Z......
...####
###....##..#
..รทรท..#
#...##..!..#
...##.###
###.##........
.####...#
#...# ......#.
.# ###.# #.###
....#.# .# #.#
#.# ......# .#
#(###.#
......#


You could see Duvessa, Dowan (extremely poisoned), a howler monkey (catching
breath), a bullfrog zombie, a giant cockroach and a leopard gecko skeleton.

Vanquished Creatures
  A leopard gecko (D:1)
  A bat (D:1)
  A giant cockroach (D:2)
  3 goblins
  5 hobgoblins
  4 jackals (D:4)
  A quokka (D:2)
  2 frilled lizards (D:1)
  3 kobolds (D:1)
  A rat (D:1)
22 creatures vanquished.

Notes
Turn   | Place    | Note
-------+----------+-------------------------------------------
     0 | D:1      | Doppledale the Octopode Assassin began the quest for the
                  | Orb.
     0 | D:1      | Reached XP level 1. HP: 14/14 MP: 1/1
   222 | D:1      | Reached XP level 2. HP: 19/19 MP: 2/2
   717 | D:1      | Reached skill level 6 in Stealth
  1085 | D:2      | You fall into a shaft and drop 2 floors!
  1102 | D:4      | Reached XP level 3. HP: 24/24 MP: 3/3
  1137 | D:4      | Noticed Duvessa
  1137 | D:4      | Noticed Dowan
  1139 | D:4      | Noticed Sigmund
  1143 | D:4      | HP: 1/24 [Duvessa/+1 short sword of speed (9)]
  1143 | D:4      | Slain by a giant cockroach

Illustrated notes

Levels and vault maps discovered:
D:1:      zaba_arrival_water, layout_loops_ring
D:2:      layout_loops_ring, chequers_ecumenical_altar_lobes, fedhas_altar_4
D:4:      layout_rooms, uniq_duvessa, uniq_pikel, uniq_robin, uniq_natasha,
          uniq_sigmund

Skill      XL: |  1  2 |
---------------+-------+-----
Stealth        | 6 |  6.4
Fighting       | |  2.2
Short Blades   | |  2.2
Throwing       | |  2.0
Dodging        | |  1.0

Action                   || total
-------------------------++-------
Melee: Dagger            ||    41
       Constrict         ||    10
       Tentacles         ||     5
 Stab: Sleeping          ||    12
  Eat: Chunk             ||     1
Armor: Skin              ||     5
Dodge: Dodged            ||    18
